 Dungeon Crawl Stone Soup version 0.21.1-1-g345015f (webtiles) character file.

672 zishaf the Skirmisher (level 7, -1/83 HPs)
             Began as an Ogre Hunter on May 15, 2018.
             Was a Follower of Ashenzari.
             Slain by an orc
             ... wielding a +0 flail
              (10 damage)
             ... on level 5 of the Dungeon.
             The game lasted 00:12:07 (4814 turns).

zishaf the Skirmisher (Ogre Hunter)                 Turns: 4814, Time: 00:12:08

Health: -1/83      AC:  3    Str: 18    XL:     7   Next: 59%
Magic:  7/7        EV: 10    Int: 12    God:    Ashenzari [*.....]
Gold:   339        SH:  0    Dex: 15    Spells: 6/6 levels left

rFire    . . .     SeeInvis .   C - +0 flail
rCold    . . .     Gourm    .   (no shield)
rNeg     . . .     Faith    .   j - +0 robe
rPois    .         Spirit   .   (helmet restricted)
rElec    .         Reflect  .   (no cloak)
rCorr    .         Harm     .   (gloves unavailable)
MR       .....                  (boots unavailable)
Stlth    ++........             (no amulet)
HPRegen  0.23/turn              q - +3 ring of dexterity
MPRegen  0.10/turn              (no ring)

@: no status effects
A: large, unfitting armour, agile 1, robust 1, tough skin 1
a: Curse Item, Scrying, Renounce Religion


You were on level 5 of the Dungeon.
You worshipped Ashenzari.
Ashenzari was aware of your devotion.
You were not hungry.

You visited 1 branch of the dungeon, and saw 5 of its levels.

You collected 339 gold pieces.

Inventory:

Hand Weapons
 a - a +0 short sword
 b - a +0 blowgun
 n - a +0 whip
 C - a +0 flail (weapon)
Missiles
 c - 6 poisoned needles
 m - 45 stones
 v - 2 throwing nets
 z - 3 large rocks (quivered)
Armour
 j - a +0 robe (worn)
Jewellery
 q - a +3 ring of dexterity (left hand)
Scrolls
 g - 10 scrolls of identify {unknown}
 k - a scroll of teleportation {unknown}
 o - a scroll of remove curse
 t - a scroll of magic mapping {unknown}
 u - a scroll of random uselessness {unknown}
 w - 4 scrolls of amnesia {unknown}
 y - 2 scrolls of immolation {unknown}
Potions
 d - a potion of magic {unknown}
 e - a potion of flight {unknown}
 h - 2 potions of might {unknown}
 i - a potion of brilliance
 l - a potion of haste
 p - a potion of experience {unknown}
 r - a potion of invisibility
 s - a potion of mutation
 x - a potion of heal wounds {unknown}
 A - 2 potions of curing
 D - a potion of degeneration {unknown}
Comestibles
 f - 10 rations


   Skills:
 + Level 6.6 Fighting
 + Level 3.7 Maces & Flails
 + Level 6.2 Throwing
 - Level 2.0 Dodging
 - Level 0.6 Stealth


You had 6 spell levels left.
You didn't know any spells.

Dungeon Overview and Level Annotations

Branches:
Dungeon (5/15)
 Temple: D:4-7

Altars:
Ashenzari
Dithmenos
Elyvilon
Fedhas
Gozag
Trog
Xom
Zin
The Shining One

Shops:
D:4 *


Innate Abilities, Weirdness & Mutations

You are too large for most types of armour.
You have tough skin. (AC +1)
You are agile. (Dex +2)
You are robust. (+10% HP)


Message History

The orc hits you with a flail.
You hit the orc.
The orc is heavily wounded.
The orc hits you with a flail!
* * * LOW HITPOINT WARNING * * *
You barely miss the orc.
The orc is heavily wounded.
The orc hits you with a flail.
* * * LOW HITPOINT WARNING * * *
You completely miss the orc.
The orc is heavily wounded.
The orc barely misses you.
You hit the orc but do no damage.
The orc is heavily wounded.
The orc hits you with a flail.
* * * LOW HITPOINT WARNING * * *
You barely miss the orc.
The orc is heavily wounded.
The orc hits you with a flail!
You die...

..... .>##.#
... ....
#.##)####.#
#.........#
#....######
#.####.########
#..............
######o########
#@# #.# #.# #.#
..# #.# .. #.#
#.# #.# .. #.#
#. #.#


You could see an orc.

Vanquished Creatures
  The ghost of Lich the Tainter, an amateur NaVM (D:3)
  A phantom (D:4)
  A scorpion (D:3)
  A crimson imp (D:3)
  A hound (D:4)
  A jelly (D:5)
  An orc wizard (D:4)
  An iguana (D:4)
  Natasha (twice) (D:4)
  A worker ant (D:4)
  A hound skeleton (D:4)
  Robin (D:3)
  3 gnolls (D:4)
  An adder (D:5)
  A shadow imp (D:5)
  5 worms
  2 dart slugs
  3 leopard geckos
  11 orcs
  3 bats (D:1)
  4 giant cockroaches
  10 goblins
  11 hobgoblins
  2 jackals (D:2)
  5 kobolds
  2 quokkas
  5 frilled lizards
  A leopard gecko skeleton (D:4)
  5 rats
87 creatures vanquished.

Notes
Turn   | Place    | Note
-------+----------+-------------------------------------------
     0 | D:1      | zishaf the Ogre Hunter began the quest for the Orb.
     0 | D:1      | Reached XP level 1. HP: 22/22 MP: 1/1
   179 | D:1      | Reached XP level 2. HP: 31/31 MP: 2/2
   845 | D:2      | Reached XP level 3. HP: 34/37 MP: 3/3
  1225 | D:2      | Found a glowing golden altar of the Shining One.
  1226 | D:2      | Found a white marble altar of Elyvilon.
  1249 | D:2      | Found a glowing silver altar of Zin.
  1562 | D:2      | Reached skill level 1 in Maces & Flails
  1751 | D:3      | Found a shadowy altar of Dithmenos.
  1812 | D:3      | Noticed Robin
  1821 | D:3      | Reached XP level 4. HP: 45/48 MP: 4/4
  2146 | D:3      | Killed Robin
  2347 | D:3      | Noticed Lich's ghost (amateur NaVM)
  2368 | D:3      | Killed Lich's ghost
  2368 | D:3      | Reached skill level 5 in Fighting
  2368 | D:3      | Reached skill level 5 in Throwing
  2368 | D:3      | Reached XP level 5. HP: 19/57 MP: 5/5
  2464 | D:3      | Gained mutation: You are agile. (Dex +2) [potion of mutation]
  2464 | D:3      | Gained mutation: You have sharp fingernails. [potion of mutation]
  2464 | D:3      | Lost mutation: You have sharp fingernails. [potion of mutation]
  2464 | D:3      | Gained mutation: You are robust. (+10% HP) [potion of mutation]
  2563 | D:3      | Reached XP level 6. HP: 31/72 MP: 6/6
  2800 | D:3      | Found an opulent altar of Gozag.
  2960 | D:3      | Found a shattered altar of Ashenzari.
  3008 | D:3      | Became a worshipper of Ashenzari the Shackled
  3388 | D:4      | Noticed a phantom
  3391 | D:4      | Killed a phantom
  3391 | D:4      | Reached XP level 7. HP: 82/82 MP: 7/7
  3645 | D:4      | Found a blossoming altar of Fedhas.
  3672 | D:4      | Noticed Natasha
  3682 | D:4      | Killed Natasha
  3707 | D:4      | Noticed Natasha
  3711 | D:4      | Killed Natasha
  3784 | D:4      | Found Odyrav's Assorted Antiques.
  4002 | D:4      | Reached * piety under Ashenzari
  4157 | D:4      | Found a bloodstained altar of Trog.
  4225 | D:5      | Entered Level 5 of the Dungeon
  4255 | D:5      | Found a shimmering altar of Xom.
  4814 | D:5      | Slain by an orc

Skill      XL: |  1  2  3  4  5  6  7 |
---------------+----------------------+-----
Fighting       | 3 5 6 |  6.6
Dodging        | 2 |  2.0
Maces & Flails | 1 2 3 |  3.7
Throwing       | 5 6 |  6.2
Stealth        | |  0.6

Action                   |  1- 3 |  4- 6 |  7- 9 || total
-------------------------+-------+-------+-------++-------
Melee: Short sword       |   131 |    41 |    18 ||   190
       Flail             |       |       |    71 ||    71
 Fire: Blowgun           |       |     3 |       ||     3
Throw: Large rock        |    13 |    26 |    10 ||    49
       Stone             |     6 |    28 |       ||    34
       Throwing net      |       |     4 |       ||     4
  Use: Potion            |       |     5 |       ||     5
 Stab: Sleeping          |     1 |       |       ||     1
  Eat: Chunk             |     3 |     2 |     1 ||     6
       Ration            |       |     1 |     1 ||     2
Armor: Robe              |    29 |    21 |    13 ||    63
Dodge: Dodged            |    71 |    40 |    52 ||   163
